 Dungeon Crawl Stone Soup version 0.29.1-1-gd02db69 (webtiles) character file.

Game seed: 12266080359794747558

9550 Kel the Severer (level 11, -5/64 HPs)
             Began as a Gargoyle Berserker on Nov 24, 2022.
             Was a High Priest of Trog.
             Slain by a wight
             ... wielding a +7 trident
              (13 damage)
             ... on level 10 of the Dungeon.
             The game lasted 00:21:26 (11180 turns).

Kel the Severer (Gargoyle Berserker)               Turns: 11180, Time: 00:21:27

Health: -5/64      AC: 23    Str: 22    XL:     11   Next: 48%
Magic:  11/11      EV:  7    Int: 13    God:    Trog [*****.]
Gold:   454        SH:  0    Dex:  9    Spells: 10/10 levels left

rFire   + . .      SeeInvis .   z - +8 glaive of Wumnuq {freeze, rElec Str-2 Int+4}
rCold   . . .      Faith    .   (shield currently unavailable)
rNeg    + . .      Spirit   .   G - +0 plate armour
rPois   ∞          Reflect  .   c - +0 helmet
rElec   +          Harm     .   D - scarf {shadows}
rCorr   .          Rampage  .   s - +1 pair of gloves
Will    .....                   (no boots)
Stlth   ..........              (no amulet)
HPRegen 0.20/turn               A - ring of protection from fire
MPRegen 0.12/turn               (no ring)

@: about to teleport
A: sickness immunity, AC +8, negative energy resistance 1, electricity
resistance, torment resistance 1, petrification resistance
a: Renounce Religion, Berserk, Trog's Hand, Brothers in Arms


You were on level 10 of the Dungeon.
You worshipped Trog.
Trog was extremely pleased with you.
You visited 1 branch of the dungeon, and saw 10 of its levels.

You collected 454 gold pieces.

Inventory:

Hand Weapons
 m - the +2 war axe "Riegec" {venom, rC- Will+ Int+5}
   (You found it on level 3 of the Dungeon)

   It poisons the flesh of those it strikes.
   Int:       It affects your intelligence (+5).
   rC:        It makes you vulnerable to cold.
   Will:      It increases your willpower.
 v - a +2 war axe of electrocution
 z - the +8 glaive of Wumnuq (weapon) {freeze, rElec Str-2 Int+4}
   (You found it on level 9 of the Dungeon)

   It freezes those it strikes, dealing additional cold damage.
   It can also slow down cold-blooded creatures.
   Str:       It affects your strength (-2).
   Int:       It affects your intelligence (+4).
   rElec:     It insulates you from electricity.
Missiles
 J - 5 throwing nets (quivered)
Armour
 b - an orb of mayhem
 c - a +0 helmet (worn)
 s - a +1 pair of gloves (worn)
 D - a scarf of shadows (worn)
 G - a +0 plate armour (worn)
Jewellery
 A - a ring of protection from fire (left hand)
Wands
 r - a wand of charming (28)
 x - a wand of light (11)
 E - a wand of polymorph (10)
Scrolls
 e - 7 scrolls of teleportation
 i - a scroll of silence
 j - 4 scrolls of enchant weapon
 k - a scroll of enchant armour
 o - 2 scrolls of butterflies
 p - 2 scrolls of fear
 q - 3 scrolls of vulnerability {unknown}
 u - 2 scrolls of poison {unknown}
 w - a scroll of magic mapping {unknown}
 y - 2 scrolls of summoning {unknown}
 B - a scroll of immolation {unknown}
 C - a scroll of amnesia {unknown}
 H - a scroll of noise {unknown}
 I - 2 scrolls of identify
Potions
 a - 2 potions of flight
 d - 4 potions of attraction
 f - 2 potions of cancellation {unknown}
 g - 2 potions of lignification
 h - a potion of mutation
 n - a potion of ambrosia
 t - a potion of invisibility {unknown}
 F - a potion of haste


   Skills:
 * Level 5.8 Fighting
 + Level 15.2 Axes
 * Level 5.2 Armour
 - Level 1.5 Dodging


You had 10 spell levels left.
You didn't know any spells.
Your spell library was empty.

Dungeon Overview and Level Annotations

Branches:
Dungeon (10/15)            Temple (0/1) D:6
   Lair: D:8-11         Orc: D:9-12

Altars:
Fedhas
Gozag
Makhleb
Ru
Trog
Uskayaw
Vehumet
Wu Jian
Zin

Shops:
D:4 ?


Innate Abilities, Weirdness & Mutations

You are immune to sickness and miasma.
Your stone body is resilient. (AC +8)
You are immune to poison.
You resist negative energy. (rN+)
You are resistant to electric shocks. (rElec)
You are resistant to unholy torment.
You are immune to petrification.


Message History

You closely miss the orc. The wight hits you but does no damage.
The orc hits you but does no damage.
You closely miss the orc.
The wight hits you but does no damage. x2
The orc barely misses you.
You slash the orc! You freeze the orc.
You kill the orc!
Trog accepts your kill. The wight barely misses you.
The wight hits you but does no damage. The wight hits you with a +0 spear.
The wight hits you but does no damage.
Items here: ))) [[ †.
You barely miss the wight. The wight barely misses you.
The wight hits you with a +0 spear. x2
* * * LOW HITPOINT WARNING * * *
The wight hits you but does no damage. The wight attacks as you move away!
The wight hits you but does no damage.
The wight hits you from afar with a +7 trident.
* * * LOW HITPOINT WARNING * * *
The wight hits you but does no damage.
Okay, then.
You feel better.
The wight hits you but does no damage. x2
Unknown command.
You feel better.
The wight hits you from afar with a +7 trident.
The wight hits you but does no damage.
Found 15 gold pieces.
The wight hits you from afar with a +7 trident.
* * * LOW HITPOINT WARNING * * *
The wight barely misses you. The wight hits you but does no damage.
You closely miss the wight. The wight barely misses you.
The wight closely misses you.
You barely miss the wight. The wight hits you with a +7 trident!
* * * LOW HITPOINT WARNING * * *
The wight barely misses you.
You closely miss the wight. The wight hits you but does no damage.
The wight hits you with a +7 trident.
* * * LOW HITPOINT WARNING * * *
Okay, then.
As you read the scroll of teleportation, it crumbles to dust.
You feel strangely unstable. The wight hits you with a +7 trident!
You die...

##..#....##.......>#....
....##....+........#..# ..
.........##........#..#...
................?.)......
...#.........#....)..#...
#.##......####)####.##
##.##..###.# #z# .#
##.##..###.####z####.##
................@.....#
................#####.#
...............## .#
....#..........
##..#..##......
.†..........$.. .:..#..##
.## ##..#..# # ..# ..


You could see 2 wights.

Vanquished Creatures
  Harold (D:9)
  A boulder beetle (D:8)
  3 two-headed ogres
  Pikel (D:4)
  A cyclops (D:9)
  Grinder (D:4)
  A shadow (D:9)
  3 yaks (D:9)
  A wyvern (D:10)
  2 steam dragons
  Edmund (D:4)
  A water moccasin (D:5)
  2 orc warriors (D:6)
  9 ice beasts
  3 ogres
  A phantom (D:6)
  2 lemures (D:4)
  2 gnoll sergeants
  5 scorpions
  2 bullfrogs
  2 wights
  15 killer bees (D:9)
  3 electric eels (D:9)
  7 hounds
  5 orc priests
  A gnoll bouda (D:8)
  12 iguanas
  10 orc wizards
  Robin (D:4)
  16 gnolls
  8 adders
  An ufetubus (D:4)
  2 worms
  39 orcs
  2 bats
  7 endoplasms
  6 giant cockroaches
  11 goblins
  8 hobgoblins
  2 quokkas
  4 ball pythons
  5 frilled lizards
  6 kobolds
  6 rats
222 creatures vanquished.

Vanquished Creatures (collateral kills)
  An ice beast (D:9)
  A killer bee (D:9)
  An electric eel (D:9)
  A howler monkey (D:9)
  4 gnolls (D:8)
8 creatures vanquished.

Vanquished Creatures (others)
  A gnoll sergeant (D:8)
  A killer bee (D:9)
  A gnoll (D:8)
  An orc (D:8)
  4 plants (D:2)
8 creatures vanquished.

Grand Total: 238 creatures vanquished

Notes
Turn   | Place    | Note
-------+----------+-------------------------------------------
     0 | D:1      | Kel the Gargoyle Berserker began the quest for the Orb.
     0 | D:1      | Reached XP level 1. HP: 14/14 MP: 1/1
   178 | D:1      | Reached skill level 3 in Axes
   191 | D:1      | Reached XP level 2. HP: 14/19 MP: 2/2
  1267 | D:2      | Reached XP level 3. HP: 21/23 MP: 3/3
  1355 | D:2      | Reached skill level 4 in Axes
  1860 | D:2      | Noticed a scorpion
  1869 | D:2      | Killed a scorpion
  1870 | D:2      | Reached XP level 4. HP: 16/28 MP: 4/4
  2212 | D:2      | Reached ** piety under Trog
  2344 | D:2      | Reached skill level 5 in Axes
  2344 | D:2      | Reached XP level 5. HP: 27/32 MP: 5/5
  2417 | D:2      | Found a faded altar of an unknown god.
  2432 | D:3      | Identified the +2 war axe "Riegec" {venom, rC- Will+ Int+5}
  2493 | D:3      | Found a glowing silver altar of Zin.
  2974 | D:4      | Found Rasmiehi's Magic Scroll Shop.
  3028 | D:4      | Noticed an ogre
  3032 | D:4      | Killed an ogre
  3033 | D:4      | Reached skill level 6 in Axes
  3033 | D:4      | Reached XP level 6. HP: 37/37 MP: 6/6
  3147 | D:4      | Noticed Grinder
  3164 | D:4      | Killed Grinder
  3165 | D:4      | Reached skill level 7 in Axes
  3165 | D:4      | Reached XP level 7. HP: 39/41 MP: 7/7
  3180 | D:4      | Noticed Edmund
  3260 | D:4      | Killed Edmund
  3503 | D:4      | Found an opulent altar of Gozag.
  3506 | D:4      | Found a radiant altar of Vehumet.
  3508 | D:4      | Found a hide-covered altar of Uskayaw.
  3515 | D:4      | Reached skill level 8 in Axes
  3759 | D:4      | Noticed Pikel
  3785 | D:4      | Noticed Robin
  3794 | D:4      | Killed Pikel
  3795 | D:4      | Reached skill level 9 in Axes
  3795 | D:4      | Reached XP level 8. HP: 46/46 MP: 8/8
  3798 | D:4      | Killed Robin
  4270 | D:5      | Entered Level 5 of the Dungeon
  4270 | D:5      | Noticed a two-headed ogre
  4282 | D:4      | Killed a two-headed ogre
  4283 | D:4      | Reached skill level 11 in Axes
  4283 | D:4      | Reached XP level 9. HP: 22/51 MP: 9/9
  5059 | D:5      | Found an ornate altar of the Wu Jian Council.
  5330 | D:5      | Reached *** piety under Trog
  6446 | D:6      | Reached skill level 12 in Axes
  6586 | D:6      | Found a staircase to the Ecumenical Temple.
  6899 | D:6      | Found a bloodstained altar of Trog.
  7526 | D:7      | Reached XP level 10. HP: 51/56 MP: 10/10
  7601 | D:7      | Reached skill level 13 in Axes
  7621 | D:7      | Reached **** piety under Trog
  7738 | D:7      | Found a sacrificial altar of Ru.
  8314 | D:8      | Noticed a boulder beetle
  8327 | D:8      | Killed a boulder beetle
  8472 | D:8      | Noticed a cyclops
  9264 | D:8      | Found a blossoming altar of Fedhas.
  9514 | D:8      | Noticed a two-headed ogre
  9521 | D:8      | Killed a two-headed ogre
  9522 | D:8      | Reached skill level 14 in Axes
  9809 | D:9      | Reached ***** piety under Trog
 10119 | D:9      | Identified the +8 glaive of Wumnuq {freeze, rElec Str-2
                  | Int+4}
 10146 | D:9      | Reached skill level 15 in Axes
 10146 | D:9      | Reached XP level 11. HP: 60/60 MP: 11/11
 10310 | D:9      | Noticed a cyclops
 10320 | D:9      | Killed a cyclops
 10578 | D:9      | Noticed a two-headed ogre
 10585 | D:9      | Killed a two-headed ogre
 10586 | D:9      | Reached skill level 5 in Fighting
 10685 | D:9      | Noticed Harold
 10702 | D:9      | Killed Harold
 10780 | D:9      | Found a burning altar of Makhleb.
 10908 | D:9      | Reached skill level 5 in Armour
 11031 | D:10     | Entered Level 10 of the Dungeon
 11180 | D:10     | Slain by a wight

Illustrated notes

Levels and vault maps discovered:
D:1:      minmay_arrival_nine_rooms, layout_loops_ring, minmay_pentomino_s4
D:2:      layout_basic, chequers_ecumenical_altar_lobes
D:3:      layout_rooms, old_standard_altar
D:4:      layout_cave_pods, grunt_temple_overflow_open,
          hangedman_abyss_or_decor_stabs, minmay_misc_feat_columns,
          minmay_statues_item, nicolae_inconvenience_store, uniq_robin,
          uniq_pikel, uniq_grinder, uniq_edmund
D:5:      layout_basic, mainiacjoe_overflow_chevrons, minmay_misc_feat_rugged
D:6:      layout_loops_ring, trog_butcher_becter, temple_hall
D:7:      layout_loops_ring, nicolae_ru_sacrificial_ziggurat
D:8:      layout_basic, fedhas_altar_4, nicolae_zen_rock_garden,
          minmay_manual_mail
D:9:      minmay_twisted_water, layout_basic, mainiacjoe_overflow_paths,
          minmay_sticks_and_stones, uniq_harold
D:10:     layout_basic

Skill      XL: |  1  2  3  4  5  6  7  8  9 10 11 |
---------------+----------------------------------+-----
Axes           | 3 4 5 6 7 9 11 12 15 | 15.2
Fighting       | 5 |  5.8
Armour         | 5 |  5.2
Dodging        | |  1.5

Action                   |  1- 3 |  4- 6 |  7- 9 | 10-12 || total
-------------------------+-------+-------+-------+-------++-------
Melee: Hand axe          |   115 |    18 |       |       ||   133
       Punch             |     2 |       |     5 |       ||     7
       War axe           |       |    39 |   287 |   183 ||   509
       Glaive            |       |       |       |    73 ||    73
Invok: Berserk           |       |     1 |     4 |     4 ||     9
Evoke: Wand              |       |       |       |     3 ||     3
  Use: Potion            |       |     1 |     3 |     5 ||     9
       Scroll            |       |       |    11 |     5 ||    16
 Stab: Distracted        |       |       |       |     1 ||     1
Armor: Animal skin       |    10 |       |       |       ||    10
       Leather armour    |    27 |    13 |       |       ||    40
       Chain mail        |       |    16 |    97 |       ||   113
       Scale mail        |       |       |    49 |    37 ||    86
       Plate armour      |       |       |       |   144 ||   144
Dodge: Dodged            |    62 |    42 |    91 |   124 ||   319
